 Dungeon Crawl Stone Soup version 0.21-a0-196-g6a663c0 (webtiles) character file.

252851 MackTheKnife the Executioner (level 20, -4/193 HPs)
             Began as a Hill Orc Monk on Aug 15, 2017.
             Was the Champion of Qazlal.
             Slain by a deep troll (16 damage)
             ... led by an ironheart preserver
             ... on level 2 of the Vaults.
             The game lasted 01:12:21 (43749 turns).

MackTheKnife the Executioner (Hill Orc Monk)       Turns: 43749, Time: 01:12:21

Health: -4/193     AC: 29    Str: 23    XL:     20   Next: 14%
Magic:  46/51      EV: 11    Int: 10    God:    Qazlal [******]
Gold:   191        SH:  8    Dex: 13    Spells: 16/19 levels left

rFire    + . .     SeeInvis +   D - +5 executioner's axe "Dadgha Engau" {flame, rPois MP+9}
rCold    + . .     Gourm    +   (shield currently unavailable)
rNeg     . . .     Faith    .   L - +4 plate armour {rC+}
rPois    +         Spirit   .   A - +2 helmet {SInv}
rElec    +         Reflect  .   e - +2 cloak {MR+}
rCorr    .         Harm     .   b - +1 pair of gloves
MR       ++...                  N - +0 pair of boots
Stlth    ..........             F - amulet of Xammedd {Gourm rElec}
HPRegen  0.42/turn              m - ring of Robustness {AC+8}
MPRegen  0.32/turn              h - ring of Sazub {rF+ MP+9}

@: about to teleport, protected from physical damage, corroded, very slightly
contaminated, repel missiles
A: no striking features
}: 1/15 runes: gossamer
a: Upheaval, Elemental Force, Disaster Area, Renounce Religion


You were on level 2 of the Vaults.
You worshipped Qazlal.
Qazlal was exalted by your worship.
You were not hungry.

You visited 7 branches of the dungeon, and saw 34 of its levels.

You collected 2826 gold pieces.
You spent 2635 gold pieces at shops.

Inventory:

Hand Weapons
 D - the +5 executioner's axe "Dadgha Engau" (weapon) {flame, rPois MP+9}
   (You acquired it on level 11 of the Dungeon)

   It has been specially enchanted to burn those struck by it, causing extra
   injury to most foes and up to half again as much damage against particularly
   susceptible opponents.
   Big, fiery blades are also staple armaments of hydra-hunters.
   It protects you from poison.
   It affects your magic capacity (+9).
Missiles
 B - 2 throwing nets {=f, !d}
Armour
 b - a +1 pair of gloves (worn)
   (You found it on level 12 of the Dungeon)
 e - a +2 cloak of magic resistance (worn)
   (You bought it in a shop on level 2 of the Orcish Mines)
 A - a +2 helmet of see invisible (worn)
   (You bought it in a shop on level 2 of the Orcish Mines)
 L - a +4 plate armour of cold resistance (worn)
   (You took it off an orc warlord on level 2 of the Orcish Mines)
 N - a +0 pair of boots (worn)
   (You found it on level 1 of the Lair of Beasts)
Jewellery
 h - the ring of Sazub (right hand) {rF+ MP+9}
   (You found it on level 14 of the Dungeon)

   [ring of magical power]

   It protects you from fire.
   It affects your magic capacity (+9).
 i - an uncursed ring of protection from cold {rC+, !d}
   (You found it on level 5 of the Lair of Beasts)
 m - the ring of Robustness (left hand) {AC+8}
   (You bought it in a shop on level 2 of the Orcish Mines)

   [ring of protection]

   It affects your AC (+8).
 F - the amulet of Xammedd (around neck) {Gourm rElec}
   (You bought it in a shop on level 2 of the Orcish Mines)

   [amulet of the gourmand]

   It allows you to eat raw meat even when not hungry.
   It insulates you from electricity.
 V - an uncursed ring of protection from magic {MR+, !d}
   (You bought it in a shop on level 9 of the Dungeon)
Wands
 C - a wand of disintegration (10/24)
   (You found it on level 6 of the Dungeon)
 Q - a wand of clouds (3/9)
   (You found it on level 6 of the Lair of Beasts)
 T - a wand of iceblast (10/15)
   (You found it on level 6 of the Lair of Beasts)
 Y - a wand of acid (3/15)
   (You found it on level 10 of the Dungeon)
Scrolls
 g - 8 scrolls of remove curse
 j - 14 scrolls of teleportation
 r - 7 scrolls of enchant weapon
 w - a scroll of silence
 y - 6 scrolls of fear
 E - 4 scrolls of magic mapping {!r}
 G - 5 scrolls of fog
 K - 13 scrolls of identify
 O - a scroll of enchant armour
 U - 3 scrolls of immolation {!r}
 W - 2 scrolls of holy word {!r}
 X - 5 scrolls of blinking {!r}
 Z - 3 scrolls of recharging
Potions
 a - a potion of berserk rage {!q}
 f - 5 potions of might
 k - 5 potions of invisibility
 o - 8 potions of flight
 p - 8 potions of curing
 s - 2 potions of agility
 t - 3 potions of magic
 v - 2 potions of mutation {!q}
 x - 3 potions of resistance
 z - 5 potions of haste
 I - 5 potions of heal wounds
 J - 3 potions of cancellation
Miscellaneous
 H - a box of beasts
 M - a fan of gales
   (You found it on level 1 of the Lair of Beasts)
 R - a lightning rod (inert)
   (You found it on level 9 of the Dungeon)
Comestibles
 d - 14 meat rations {@e2}
 l - 30 fruits
 n - 24 royal jellies
 P - 2 bread rations {@e1}


   Skills:
 - Level 20.0 Fighting
 - Level 26.0 Axes
 - Level 12.5 Armour
 + Level 8.2 Dodging
 - Level 1.5 Stealth
   Level 1.3 Shields
 - Level 19.4 Invocations


You had 16 spell levels left.
You knew the following spells:

 Your Spells              Type           Power        Failure   Level  Hunger
r - Regeneration          Chrm/Necr      #.........   100%        3    ####...


Dungeon Overview and Level Annotations

Branches:
Dungeon (15/15)            Temple (1/1) D:4            Lair (6/6) D:8
 Shoals (3/4) Lair:4       Spider (4/4) Lair:2        Slime (0/5) Lair:6
    Orc (2/2) D:12            Elf (0/3) Orc:2        Vaults (3/5) D:14
 Depths (0/5) D:15
  Crypt: Vaults:2-3

Altars:
Ashenzari
Cheibriados
Dithmenos
Elyvilon
Fedhas
Gozag
Hepliaklqana
Kikubaaqudgha
Makhleb
Nemelex Xobeh
Okawaru
Qazlal
Ru
Sif Muna
Trog
Uskayaw
Vehumet
Wu Jian
Xom
Yredelemnul
Zin
The Shining One
Beogh

Shops:
D:7 *   D:9 :=*   D:10 *   D:12 [   D:13 :   Orc:1 :   Orc:2 :[=(

Annotations:
Lair:6 exclusion: 2 oklob plants
Shoals:3 Mara


Message History

The deep troll bites you but does no damage.
You block the deep troll's attack.
The deep troll claws you but does no damage.
The deep troll shaman calls upon its god to strengthen the deep troll.
The deep troll seems to grow stronger.
A cyan ugly thing comes into view.
You take 5 damage, and have 74/193 hp.
Unknown command.
You slice the deep troll shaman!! You burn the deep troll shaman.
You kill the deep troll shaman!
Qazlal accepts your kill.
Your Dodging skill increases to level 8!
You slice the cyan ugly thing!! You burn the cyan ugly thing.
You barely miss the deep troll. You slash the deep troll!
You burn the deep troll.
The sentinel's mark upon you fades away.
You block the deep troll's attack.
The deep troll claws you but does no damage. x2
The deep troll closely misses you. You block the deep troll's attack.
The deep troll claws you but does no damage.
The cyan ugly thing pecks you but does no damage.
The cyan ugly thing basks in the mutagenic energy from its kin and changes!
Unknown command.
You hit the deep troll but do no damage.
You slash the deep troll! You burn the deep troll.
You cut the cyan ugly thing into ribbons!!!
You burn the cyan ugly thing.
The cyan ugly thing moves out of view.
The deep troll barely misses you.
The deep troll claws you but does no damage. x2
The deep troll bites you but does no damage.
The deep troll closely misses you. You block the deep troll's attack.
The ironheart preserver gestures wildly while chanting.
The ironheart preserver is healed somewhat.
Unknown command.
You slice the deep troll!! You burn the deep troll. You hit the deep troll.
You burn the deep troll.
You chop the cyan ugly thing into pieces!!!
You burn the cyan ugly thing. The deep troll bites you.
The deep troll claws you!!
* * * LOW HITPOINT WARNING * * *
The deep troll closely misses you. You block the cyan ugly thing's attack.
The deep troll bites you!
* * * LOW HITPOINT WARNING * * *
You feel more protected from physical attacks.
The deep troll claws you but does no damage. x2
You take 32 damage, and have 42/193 hp.
Unknown command.
Nature churns violently around you!
The blast of magma engulfs the brown ugly thing. x2
The blast of magma engulfs the cyan ugly thing.
The blast of magma engulfs the brown ugly thing.
The blast of rubble hits the brown ugly thing. x3
The blast of rubble hits the deep troll.
The cutting wind hits the brown ugly thing. x3
The cutting wind hits the cyan ugly thing. x2
The cutting wind hits the brown ugly thing.
You kill the brown ugly thing!
Qazlal accepts your kill.
The cutting wind hits the brown ugly thing.
You kill the brown ugly thing!
Qazlal accepts your kill.
The blast of ice hits the cyan ugly thing.
The cyan ugly thing is flash-frozen.
The blast of ice hits the brown ugly thing.
The brown ugly thing is flash-frozen.
You kill the ironheart preserver!
Qazlal accepts your kill. The deep troll bites you!
* * * LOW HITPOINT WARNING * * *
You feel more protected from physical attacks.
The deep troll closely misses you. x2
The deep troll is engulfed in blazing flames.
You block the deep troll's attack. The deep troll closely misses you.
You block the deep troll's attack.
The cyan ugly thing pecks you but does no damage.
The deep troll barely misses you. The deep troll claws you.
* * * LOW HITPOINT WARNING * * *
The deep troll claws you!
* * * LOW HITPOINT WARNING * * *
Unknown command.
Unknown command.
You take 29 damage, and have 13/193 hp.
You now have 44/51 mp.
Unknown command.
Unknown command.
Really read
X - 6 scrolls of blinking {!r}?
Blink to where?
You are very lightly contaminated with residual magic.
As you read the scroll of blinking {!r}, it crumbles to dust.
The deep troll is engulfed in blazing flames.
You kill the deep troll!
Qazlal accepts your kill.
Okay, then.
As you read the scroll of teleportation, it crumbles to dust.
You feel strangely unstable.
Unknown command.
Unknown command.
You feel better. You block the deep troll's attack. The deep troll claws you!
* * * LOW HITPOINT WARNING * * *
The deep troll claws you!
You die...

...#)##.##.#..#########
#.. ...#)#...#.#..# #..
####'#######..# #..
.....(........# #..
.....)).......# #..
..###)()......# #..
.##.##((......# #..
##...##)).....#########
#..
#.....##(.....##@§....#
#..
...#...##(....##T.....#
#..
..###...##(...##.§..§.#
#.. .##
##...##...##uT.§..# #..
## ##...'...##).....#
#.. .#
##...##...##..u...# #..
## ##...##....##......#
#.. #
##...##.....##......#
#..
###...##......##..)†..#
#..


You could see 2 ugly things and 2 deep trolls.

Vanquished Creatures
  Polyphemus (Shoals:2)
  A sphinx (Vaults:2)
  A shadow dragon (Vaults:2)
  2 fire giants
  A frost giant (Vaults:3)
  2 vault wardens (Vaults:2)
  5 emperor scorpions
  3 ghost moths (Spider:4)
  Aizul (Spider:2)
  3 stone giants
  9 ironheart preservers
  A war gargoyle (Vaults:2)
  6 entropy weavers
  3 spark wasps (Spider:4)
  The ghost of Noname the Fiendish, a journeyman HuIE of Makhleb (Lair:1)
  An ettin (D:15)
  The ghost of Ijustatesigmund the Cruncher, a journeyman FoFi of Okawaru (D:15)
  Josephine (Orc:2)
  2 great orbs of eyes
  9 ogre magi
  5 yaktaur captains
  An ice dragon (Vaults:1)
  4 catoblepae
  Fannar (D:11)
  7 hydras
  A rakshasa (Vaults:2)
  9 centaur warriors
  2 death knights
  A merfolk aquamancer (Shoals:2)
  7 death yaks
  2 deep troll shamans
  A satyr (Shoals:3)
  28 two-headed ogres
  3 tengu warriors
  A queen ant (Lair:6)
  A deep troll earth mage (Vaults:1)
  7 orc high priests
  A hell knight (D:15)
  2 deep elf knights
  Sonja (Lair:1)
  Nergalle (Lair:2)
  A shadow wraith (Vaults:1)
  A skeletal warrior (Vaults:2)
  An orange crystal statue (Vaults:1)
  11 deep trolls
  An unseen horror (D:11)
  5 ironbrand convokers
  7 sea snakes
  A lindwurm (Lair:6)
  3 wizards
  2 harpies (shapeshifter) (Vaults:2)
  14 orc knights
  26 orb spiders
  2 necromancers
  7 harpies
  10 orc sorcerers
  33 wolf spiders
  24 ugly things
  3 fauns (Shoals:1)
  6 moths of wrath
  8 manticores
  11 cyclopes
  13 elephants
  2 merfolk sirens (Shoals:2)
  2 guardian serpents (D:15)
  7 vault sentinels
  Joseph (D:7)
  A black mamba (Lair:3)
  7 spiny frogs
  2 torpor snails
  4 gargoyles
  The ghost of Lunath the Conjurer, a novice DrCj of Vehumet (D:5)
  2 rime drakes
  3 kobold demonologists
  2 freezing wraiths
  10 demonic crawlers
  7 komodo dragons
  15 yaktaurs
  A yaktaur (shapeshifter) (Vaults:2)
  11 trolls
  4 efreet
  37 jumping spiders
  3 meliai (Spider:4)
  A polar bear (shapeshifter) (Vaults:2)
  A queen bee (Spider:4)
  5 polar bears
  8 merfolk
  A wind drake (Shoals:2)
  6 hornets
  14 blink frogs
  An ettin zombie (Vaults:1)
  21 hippogriffs
  24 slime creatures
  4 dream sheep (Shoals:1)
  A meliai zombie (D:13)
  2 snapping turtles
  A stone giant simulacrum (Vaults:1)
  4 water elementals
  2 human simulacra (Vaults:1)
  A shadow (D:12)
  A vampire (D:12)
  An ettin skeleton (Vaults:1)
  38 tarantellas
  69 redbacks
  A spriggan (D:11)
  38 yaks
  16 wraiths
  3 wyverns
  2 basilisks
  A human (shapeshifter) (Vaults:1)
  2 vampire mosquitoes (D:14)
  Grum (D:8)
  A hungry ghost (D:15)
  8 wargs
  21 soldier ants
  5 porcupines
  5 acid dragons
  12 water moccasins
  5 ice beasts
  3 black bears
  A hornet zombie (D:9)
  4 sky beasts
  An eye of draining (D:12)
  59 orc warriors
  27 ogres
  3 phantoms
  5 boggarts
  4 necrophages
  12 wolves
  A wolf (shapeshifter) (Vaults:1)
  26 centaurs
  5 big kobolds
  14 crocodiles
  17 bullfrogs
  A glowing shapeshifter simulacrum (Vaults:1)
  3 scorpions
  30 killer bees
  4 wights
  3 howler monkeys (D:14)
  6 crimson imps
  A bullfrog zombie (D:13)
  10 hounds
  3 quasits
  4 bullfrog skeletons
  2 centaur zombies
  2 centaur skeletons
  34 orc priests
  10 jellies
  4 iguanas
  30 worker ants
  30 orc wizards
  A hound zombie (D:7)
  2 worker ant zombies
  15 adders
  5 shadow imps
  2 oozes (D:5)
  An adder zombie (D:7)
  5 worms
  4 dart slugs
  11 leopard geckos
  153 orcs
  6 bats
  A bat zombie (D:3)
  7 giant cockroaches
  15 goblins
  9 hobgoblins
  5 quokkas
  3 frilled lizards
  38 kobolds
  11 rats
  A rat zombie (D:3)
  A spectral orc (D:7)
  2 butterflies (D:8)
  2 fungi (Lair:3)
  8 plants
1446 creatures vanquished.

Vanquished Creatures (collateral kills)
  An orc warlord (Orc:2)
  A hydra (Lair:6)
  A death knight (D:9)
  An ogre mage (Vaults:3)
  A deep troll (Vaults:2)
  A manticore (D:9)
  A merfolk siren (Shoals:3)
  2 cyclopes (Shoals:2)
  A jumping spider (Spider:2)
  An acid dragon (Vaults:2)
  2 orc warriors (D:12)
  A bullfrog (Lair:5)
  2 orc priests (Orc:2)
  4 orcs
20 creatures vanquished.

Vanquished Creatures (others)
  A death yak (Shoals:2)
  4 orcs
  A bush (Lair:2)
  7 fungi
  15 plants
  A tentacle (Shoals:3)
29 creatures vanquished.

Grand Total: 1495 creatures vanquished

Notes
Turn   | Place    | Note
-------+----------+-------------------------------------------
     0 | D:1      | MackTheKnife the Hill Orc Monk began the quest for the Orb.
     0 | D:1      | Reached XP level 1. HP: 19/19 MP: 1/1
   160 | D:1      | Reached XP level 2. HP: 18/26 MP: 2/2
   563 | D:1      | Reached skill level 5 in Axes
   879 | D:2      | Reached XP level 3. HP: 31/31 MP: 3/3
  1331 | D:2      | HP: 7/31 [worm (6)]
  1333 | D:2      | HP: 3/31 [worm (5)]
  1766 | D:2      | Reached skill level 6 in Axes
  1987 | D:2      | Reached XP level 4. HP: 39/39 MP: 4/4
  2672 | D:3      | Reached skill level 7 in Axes
  2686 | D:3      | Reached XP level 5. HP: 43/45 MP: 5/5
  2888 | D:3      | Reached skill level 8 in Axes
  2889 | D:3      | Found an ancient bone altar of Kikubaaqudgha.
  3279 | D:3      | Reached XP level 6. HP: 34/51 MP: 6/6
  3646 | D:3      | Reached skill level 9 in Axes
  3789 | D:4      | HP: 11/51 [hound (4)]
  4143 | D:4      | Found a glowing silver altar of Zin.
  4144 | D:4      | Noticed an angel
  4329 | D:4      | Noticed a phantom
  4352 | D:4      | Killed a phantom
  4352 | D:4      | Reached skill level 10 in Axes
  4352 | D:4      | Reached XP level 7. HP: 24/57 MP: 7/7
  4562 | D:4      | Reached skill level 4 in Fighting
  5026 | D:4      | Found a staircase to the Ecumenical Temple.
  5173 | Temple   | Entered the Ecumenical Temple
  5232 | Temple   | Became a worshipper of Qazlal Stormbringer
  5232 | Temple   | Reached * piety under Qazlal
  5232 | Temple   | Reached ** piety under Qazlal
  5259 | D:5      | Entered Level 5 of the Dungeon
  5526 | D:5      | Noticed Lunath's ghost (novice DrCj)
  5541 | D:5      | Killed Lunath's ghost
  5541 | D:5      | Reached skill level 5 in Fighting
  5541 | D:5      | Reached skill level 11 in Axes
  5541 | D:5      | Reached XP level 8. HP: 55/69 MP: 8/8
  5983 | D:6      | Reached skill level 6 in Fighting
  6167 | D:6      | Reached skill level 12 in Axes
  6401 | D:6      | Reached skill level 7 in Fighting
  6667 | D:7      | Noticed a hippogriff
  6679 | D:7      | Killed a hippogriff
  6679 | D:7      | Reached XP level 9. HP: 81/81 MP: 9/9
  6745 | D:7      | Found a hazy altar of Hepliaklqana.
  6779 | D:7      | Reached skill level 8 in Fighting
  6926 | D:7      | Noticed Joseph
  6938 | D:7      | Killed Joseph
  6938 | D:7      | Reached skill level 13 in Axes
  7001 | D:7      | Reached skill level 9 in Fighting
  7260 | D:7      | Reached skill level 10 in Fighting
  7482 | D:7      | Reached skill level 14 in Axes
  7499 | D:7      | Reached XP level 10. HP: 74/94 MP: 10/10
  7652 | D:7      | Found Ydimm's Assorted Antiques.
  7677 | D:7      | Found a basalt altar of Yredelemnul.
  7722 | D:7      | Reached skill level 1 in Armour
  7722 | D:7      | Reached skill level 1 in Invocations
  7743 | D:7      | Reached skill level 2 in Armour
  7743 | D:7      | Reached skill level 2 in Invocations
  7899 | D:7      | Found the +5 scythe "Finisher" {speed, Str+3}
  8114 | D:7      | Reached skill level 3 in Invocations
  8228 | D:8      | Reached skill level 3 in Armour
  8416 | D:8      | Reached skill level 4 in Invocations
  8475 | D:8      | Found a staircase to the Lair.
  8488 | D:8      | Reached *** piety under Qazlal
  8488 | D:8      | Reached skill level 4 in Armour
  8493 | D:8      | Reached skill level 5 in Invocations
  8660 | D:8      | Reached skill level 6 in Invocations
  8750 | D:8      | Found a shimmering altar of Xom.
  8756 | D:8      | Reached skill level 5 in Armour
  8841 | D:8      | Found an opulent altar of Gozag.
  8842 | D:8      | Found a snail-covered altar of Cheibriados.
  8934 | D:8      | Noticed Grum
  9177 | D:8      | Killed Grum
  9200 | D:8      | Found an iron altar of Okawaru.
  9201 | D:8      | Found a deep blue altar of Sif Muna.
  9730 | D:9      | Found Vuteomi's General Store.
  9751 | D:9      | Found Wyubonlu's Jewellery Shoppe.
  9784 | D:9      | Reached skill level 7 in Invocations
  9804 | D:9      | Noticed a death knight
 10024 | D:8      | Reached skill level 6 in Armour
 10092 | D:9      | Noticed a manticore
 10222 | D:9      | Killed a manticore
 10507 | Lair:1   | Entered Level 1 of the Lair of Beasts
 10519 | Lair:1   | Reached skill level 8 in Invocations
 10624 | Lair:1   | Noticed Noname's ghost (journeyman HuIE)
 10646 | Lair:1   | Reached XP level 11. HP: 52/101 MP: 17/17
 10647 | Lair:1   | Killed Noname's ghost
 10647 | Lair:1   | Reached skill level 7 in Armour
 10647 | Lair:1   | Reached skill level 9 in Invocations
 10912 | Lair:1   | Noticed Sonja
 10918 | Lair:1   | Killed Sonja
 11541 | Lair:2   | Noticed a catoblepas
 11566 | Lair:2   | Killed a catoblepas
 11566 | Lair:2   | Reached skill level 8 in Armour
 11756 | Lair:2   | Noticed a catoblepas
 11779 | Lair:2   | Killed a catoblepas
 11779 | Lair:2   | Reached skill level 10 in Invocations
 11924 | Lair:2   | Noticed Nergalle
 11927 | Lair:2   | Noticed a spectral orc warlord
 11939 | Lair:2   | Noticed a spectral orc warlord
 11943 | Lair:2   | Killed Nergalle
 12383 | Lair:2   | Reached skill level 11 in Fighting
 12551 | Lair:2   | Found a hole to the Spider Nest.
 12642 | Lair:2   | Reached skill level 15 in Axes
 12839 | Lair:2   | Noticed a four-headed hydra
 12933 | Lair:3   | Reached XP level 12. HP: 78/111 MP: 19/19
 13232 | Lair:3   | Reached **** piety under Qazlal
 13264 | Lair:3   | Reached skill level 12 in Fighting
 13418 | Lair:3   | Found a shimmering altar of Xom.
 13930 | Lair:4   | Got an ichor-stained chain mail
 13932 | Lair:4   | Identified the +1 chain mail of Heskut {rC+++ Str-5 Dex+4} (You found it on level 4 of the Lair of Beasts)
 14107 | Lair:4   | Reached skill level 16 in Axes
 14443 | Lair:4   | Found a staircase to the Shoals.
 14798 | Lair:5   | Noticed a seven-headed hydra
 14809 | Lair:5   | Killed a seven-headed hydra
 14809 | Lair:5   | Reached skill level 13 in Fighting
 14928 | Lair:5   | Reached skill level 11 in Invocations
 15283 | Lair:5   | Noticed a death yak
 15305 | Lair:5   | Killed a death yak
 15305 | Lair:5   | Reached skill level 12 in Invocations
 15369 | Lair:5   | Reached skill level 14 in Fighting
 15369 | Lair:5   | Reached XP level 13. HP: 89/124 MP: 15/22
 16184 | Lair:6   | Entered Level 6 of the Lair of Beasts
 16269 | Lair:5   | Reached skill level 13 in Invocations
 16881 | Lair:6   | Noticed an entropy weaver
 16889 | Lair:6   | Killed an entropy weaver
 16889 | Lair:6   | Reached skill level 15 in Fighting
 16916 | Lair:6   | Noticed an entropy weaver
 17082 | Lair:6   | Killed an entropy weaver
 17082 | Lair:6   | Reached skill level 14 in Invocations
 18227 | Lair:6   | Reached skill level 16 in Fighting
 18393 | Lair:6   | Reached skill level 15 in Invocations
 18403 | Lair:6   | Reached XP level 14. HP: 61/137 MP: 25/25
 19333 | Lair:6   | Found a staircase to the Slime Pits.
 19474 | Lair:6   | Reached skill level 16 in Invocations
 19813 | D:9      | Bought an uncursed ring of protection from magic for 300 gold pieces
 19908 | D:9      | Found an ancient bone altar of Kikubaaqudgha.
 19910 | D:9      | Found Ajekiovvao's Book Boutique.
 20244 | D:9      | Found a shattered altar of Ashenzari.
 20245 | D:9      | Found a shimmering altar of Xom.
 20288 | D:9      | Got a warped shortbow
 20614 | D:10     | Entered Level 10 of the Dungeon
 20689 | D:10     | Found Dici's Assorted Antiques.
 20717 | D:10     | Bought a spiked ring mail for 252 gold pieces
 20717 | D:10     | Identified the +5 ring mail of the Thinker {Int+4} (You bought it in a shop on level 10 of the Dungeon)
 21265 | D:11     | Noticed Fannar
 21305 | D:11     | Killed Fannar
 21615 | D:11     | Reached skill level 1 in Shields
 21634 | D:11     | Found an iron altar of Okawaru.
 21672 | D:11     | Identified a scroll of acquirement
 21679 | D:11     | Got a brightly glowing executioner's axe
 21686 | D:11     | Identified the +5 executioner's axe "Dadgha Engau" {flame, rPois MP+9} (You acquired it on level 11 of the Dungeon)
 22224 | D:11     | Found the +4 Vampire's Tooth {vamp}
 22366 | D:12     | Reached skill level 17 in Axes
 22406 | D:12     | Found Hautod's Armour Shop.
 22413 | D:12     | Reached ***** piety under Qazlal
 22425 | D:12     | Found a staircase to the Orcish Mines.
 23514 | Orc:1    | Entered Level 1 of the Orcish Mines
 23611 | Orc:1    | Reached skill level 18 in Axes
 23612 | Orc:1    | HP: 27/138 [orc knight/long sword (11)]
 24205 | Orc:1    | Found Moshuded's Book Emporium.
 24319 | Orc:2    | Entered Level 2 of the Orcish Mines
 24322 | Orc:2    | Reached XP level 15. HP: 145/145 MP: 27/27
 24352 | Orc:2    | Noticed Josephine
 24359 | Orc:2    | Killed Josephine
 24573 | Orc:2    | Reached skill level 19 in Axes
 25196 | Orc:1    | Learned a level 3 spell: Regeneration
 25590 | Orc:2    | Got a crystal trident {pierce}
 25657 | Orc:2    | Found a staircase to the Elven Halls.
 25744 | Orc:2    | Reached skill level 20 in Axes
 25805 | Orc:2    | Found a roughly hewn altar of Beogh.
 25815 | Orc:2    | Found Dafihicu's Antique Weapon Boutique.
 25829 | Orc:2    | Found Dulak's Jewellery Shop.
 26044 | Orc:2    | Noticed an orc warlord
 26090 | Orc:2    | Killed an orc warlord
 26270 | Orc:2    | Found a roughly hewn altar of Beogh.
 26432 | Orc:2    | Found Orasap's Book Emporium.
 26764 | Orc:2    | Found Loadghorgh's Armour Shoppe.
 26785 | Orc:2    | Bought a +0 cloak of magic resistance for 149 gold pieces
 26785 | Orc:2    | Bought a +1 helmet of see invisible for 214 gold pieces
 27381 | D:13     | Reached skill level 21 in Axes
 27637 | D:13     | Reached ****** piety under Qazlal
 27637 | D:13     | Reached skill level 9 in Armour
 27665 | D:13     | Found Wiuntod's Book Shoppe.
 27677 | D:13     | Found a hazy altar of Hepliaklqana.
 28124 | D:13     | Found a sparkling altar of Nemelex Xobeh.
 28188 | D:14     | Got a vibrating ivory ring
 28200 | D:14     | Identified the ring of Sazub {rF+ MP+9} (You found it on level 14 of the Dungeon)
 28283 | D:14     | Reached skill level 10 in Armour
 28289 | D:14     | Reached XP level 16. HP: 122/152 MP: 28/28
 28436 | D:14     | Found a gate to the Vaults.
 28514 | D:14     | Reached skill level 11 in Armour
 28949 | D:15     | Entered Level 15 of the Dungeon
 28997 | D:15     | Identified Sif Muna's Tome of Nocuous Conjuration
 29223 | D:15     | Reached skill level 12 in Armour
 29370 | D:15     | Noticed Ijustatesigmund's ghost (journeyman FoFi)
 29380 | D:15     | Killed Ijustatesigmund's ghost
 29735 | D:15     | Found a staircase to the Depths.
 30901 | Lair:2   | Reached skill level 17 in Fighting
 30931 | Spider:1 | Entered Level 1 of the Spider Nest
 31554 | Spider:1 | Got a smoking plate armour
 32303 | Spider:2 | Noticed Aizul
 32314 | Spider:2 | Killed Aizul
 32315 | Spider:2 | Reached skill level 22 in Axes
 32514 | Spider:1 | Reached XP level 17. HP: 141/163 MP: 29/29
 32584 | Spider:2 | Reached skill level 18 in Fighting
 32890 | Spider:2 | Identified the cursed +0 plate armour of the Elven Halls {rCorr MP+9 Dex-3} (You found it on level 1 of the Spider Nest)
 33721 | Spider:3 | Reached skill level 23 in Axes
 34478 | Spider:4 | Entered Level 4 of the Spider Nest
 34673 | Spider:4 | Reached skill level 24 in Axes
 35609 | Spider:4 | Reached XP level 18. HP: 145/172 MP: 2/30
 35617 | Spider:4 | Reached skill level 25 in Axes
 35629 | Spider:4 | Got a gossamer rune of Zot
 37012 | Shoals:1 | Entered Level 1 of the Shoals
 37369 | Orc:2    | Bought the ring of Robustness {AC+8} for 1280 gold pieces
 37369 | Orc:2    | Found the ring of Robustness {AC+8}
 38679 | Shoals:2 | Noticed Polyphemus
 38692 | Shoals:2 | Reached skill level 26 in Axes
 38712 | Shoals:2 | Killed Polyphemus
 38923 | Shoals:2 | Reached skill level 17 in Invocations
 39503 | Shoals:3 | Noticed Mara
 39513 | Shoals:3 | Noticed MackTheKnife's illusion
 40452 | Orc:2    | Bought the amulet of Xammedd {Gourm rElec} for 440 gold pieces
 40595 | Vaults:1 | Entered Level 1 of the Vaults
 41312 | Vaults:1 | Reached skill level 18 in Invocations
 41343 | Vaults:1 | Reached skill level 19 in Fighting
 41389 | Vaults:1 | Reached XP level 19. HP: 173/182 MP: 32/32
 42313 | Vaults:2 | Reached skill level 19 in Invocations
 42681 | Vaults:2 | Reached skill level 20 in Fighting
 42840 | Vaults:2 | Reached skill level 3 in Dodging
 42854 | Vaults:2 | Reached skill level 4 in Dodging
 43078 | Vaults:2 | Found a hide-covered altar of Uskayaw.
 43114 | Vaults:2 | Reached skill level 5 in Dodging
 43438 | Vaults:2 | Reached skill level 6 in Dodging
 43671 | Vaults:3 | Reached skill level 7 in Dodging
 43687 | Vaults:3 | Reached XP level 20. HP: 136/193 MP: 33/33
 43741 | Vaults:2 | Reached skill level 8 in Dodging
 43743 | Vaults:2 | HP: 42/193 [deep troll[an ironheart preserver] (14)]
 43744 | Vaults:2 | HP: 13/193 [deep troll[an ironheart preserver] (11)]
 43749 | Vaults:2 | HP: 12/193 [deep troll[an ironheart preserver] (8)]
 43749 | Vaults:2 | Slain by a deep troll

Vault maps used:
D:1:      dpeg_arrival_arbitrary_c
D:2:      minmay_pentomino_o2
D:3:      lemuel_zombie_altar_kikubaaqudgha
D:4:      zin_angel, temple_doors_e, first_bread
D:7:      nicolae_overflow_crystal_walls, yredelemnul_forgotten_temple_becter,
          serial_shops, nicolae_shop_competitors_out_of_business,
          hangedman_decor_growths, minmay_guarded_unrand_finisher, uniq_joseph
D:8:      xom_butterflies, minitemple, gammafunk_temple_overflow_pools,
          david_lair_generic, uniq_grum
D:9:      minmay_the_grid_octo_triangle, serial_shops, shop, shop,
          nicolae_shop_statue_plus
D:10:     serial_shops, nicolae_shop_behind_doors
D:11:     kennysheep_windowed_halls, the_bakery, okawaru_ov_weapons_minmay,
          uniq_fannar
D:12:     orc_david_3
D:13:     serial_shops, shop, basic_altar, nemelex_diamond_rough_becter
D:14:     david_vaults_2, glass_columns_c
D:15:     hangedman_depths_entry_civil_slaughter, serial_co_window_serial,
          co_window_paths_b, co_window_paths_b, co_window_of_opportunity_a,
          co_window_of_opportunity_a, co_window_paths_a, co_window_corner_a,
          co_window_cross_2, co_window_broadway_b, co_window_broadway_a,
          co_window_broadway_c, co_window_of_opportunity_b,
          nrook_guardian_serpent_ordinary
Temple:   dshaligram_water_room_temple
Lair:1:   uniq_sonja
Lair:2:   spider_nest_entry_rubble, serial_bayou_pond_e, uniq_nergalle
Lair:3:   wad_woods_stonehenge, serial_bayou_shore_a
Lair:4:   minmay_shoals_entry_hut
Lair:6:   grunt_lair_end_beastmaster, minmay_slime_entry_pillars,
          minmay_lair_oklob_bushes, zaba_anthell, serial_bayou_shore_b,
          grunt_megastairs_3
Shoals:2: hangedman_shoals_cup_caves, uniq_polyphemus
Shoals:3: uniq_mara
Spider:1: spider_trap
Spider:2: uniq_aizul
Spider:4: grunt_spider_rune_island, special_room, spiders_nest_spider_trap
Orc:1:    serial_shops, shop_fountains
Orc:2:    pubby_orc_utopia, serial_shops, uniq_josephine
Vaults:1: hangedman_vaults_nodes, v_misc_14, v_misc_12,
          nicolae_vaults_network_quincunx, nicolae_vaults_alarming, v_misc_27,
          nicolae_vaults_statue_guard, grunt_vaults_trifunnel,
          hangedman_vaults_corner_blocks
Vaults:2: ontoclasm_vaults_chip, v_pattern_2, vaults_mumra_minichess,
          nicolae_vaults_angled_halls, nicolae_vaults_network_star, v_misc_27,
          nicolae_vaults_little_squares_1, ontoclasm_vaults_ring_square,
          basic_altar
Vaults:3: nicolae_vaults_circle_grid_a, nicolae_vaults_little_squares_6,
          dpeg_vaults_monster_box, hangedman_vaults_stretched_pinwheel,
          ontoclasm_vaults_misaligned, nicolae_vaults_network_s,
          nicolae_vaults_mini_display_case,
          nicolae_vaults_windows_and_doors_thing, serial_ice_g, v_misc_26,
          nicolae_vaults_twisting_passages, minmay_crypt_entry_skeletal_spiral,
          grunt_vaults_hallway_long, uniq_mennas

Skill      XL: |  1  2  3  4  5  6  7  8  9 10 11 12 13 14 15 16 17 18 19 20 |
---------------+-------------------------------------------------------------+-----
Axes           | 5 6 7 8 10 11 12 14 15 16 18 21 22 24 26 | 26.0
Fighting       | 5 7 10 11 14 16 17 18 19 20 | 20.0
Armour         | 6 8 10 12 | 12.5
Invocations    | 8 10 12 15 16 18 19 | 19.4
Shields        | 1 |  1.3
Dodging        | 7 8 |  8.2
Stealth        | |  1.5

Action                   |  1- 3 |  4- 6 |  7- 9 | 10-12 | 13-15 | 16-18 | 19-21 || total
-------------------------+-------+-------+-------+-------+-------+-------+-------++-------
Melee: Hand axe          |   170 |    27 |   108 |   607 |   444 |       |       ||  1356
       War axe           |       |   248 |   100 |       |   179 |       |       ||   527
       Unarmed           |       |       |       |       |    18 |       |       ||    18
       Executioner's axe |       |       |       |       |   669 |   988 |   358 ||  2015
Invok: Elemental Force   |       |       |       |     2 |     4 |     4 |     2 ||    12
       Upheaval          |       |       |       |     5 |    10 |    19 |     1 ||    35
       Disaster Area     |       |       |       |       |     3 |     4 |     1 ||     8
Evoke: Wand              |       |       |       |     5 |     9 |     1 |     2 ||    17
       Fan of gales      |       |       |       |       |     1 |       |       ||     1
       Lightning rod     |       |       |       |       |       |     6 |     5 ||    11
  Use: Scroll            |     2 |    10 |     8 |    10 |    19 |     5 |     3 ||    57
       Potion            |       |       |     1 |     1 |     1 |     5 |     1 ||     9
 Stab: Sleeping          |     1 |       |       |       |       |       |       ||     1
       Paralysed         |       |       |       |       |     2 |       |       ||     2
       Petrifying        |       |       |       |       |       |     3 |       ||     3
       Held in net/web   |       |       |       |       |       |     1 |       ||     1
       Petrified         |       |       |       |       |       |     1 |       ||     1
       Distracted        |       |       |       |       |       |       |     1 ||     1
  Eat: Chunk             |     3 |     8 |     5 |    16 |    19 |    17 |    12 ||    80
       Bread ration      |       |       |     1 |     1 |     6 |     3 |       ||    11
       Meat ration       |       |       |       |     1 |       |     2 |       ||     3
       Royal jelly       |       |       |       |       |     1 |     1 |       ||     2
Armor: Chain mail        |    71 |   156 |   116 |   150 |       |       |       ||   493
       Plate armour      |       |       |       |    96 |   821 |   776 |   171 ||  1864
Dodge: Dodged            |    40 |   107 |    58 |   141 |   360 |   362 |   100 ||  1168
       Deflected         |       |       |       |       |    25 |    20 |    12 ||    57
Block: Other             |       |       |     9 |    71 |   312 |   310 |    78 ||   780
       Shield            |       |       |       |       |    26 |       |       ||    26

Vault maps used:
D:1:      dpeg_arrival_arbitrary_c
D:2:      minmay_pentomino_o2
D:3:      lemuel_zombie_altar_kikubaaqudgha
D:4:      zin_angel, temple_doors_e, first_bread
D:7:      nicolae_overflow_crystal_walls, yredelemnul_forgotten_temple_becter,
          serial_shops, nicolae_shop_competitors_out_of_business,
          hangedman_decor_growths, minmay_guarded_unrand_finisher, uniq_joseph
D:8:      xom_butterflies, minitemple, gammafunk_temple_overflow_pools,
          david_lair_generic, uniq_grum
D:9:      minmay_the_grid_octo_triangle, serial_shops, shop, shop,
          nicolae_shop_statue_plus
D:10:     serial_shops, nicolae_shop_behind_doors
D:11:     kennysheep_windowed_halls, the_bakery, okawaru_ov_weapons_minmay,
          uniq_fannar
D:12:     orc_david_3
D:13:     serial_shops, shop, basic_altar, nemelex_diamond_rough_becter
D:14:     david_vaults_2, glass_columns_c
D:15:     hangedman_depths_entry_civil_slaughter, serial_co_window_serial,
          co_window_paths_b, co_window_paths_b, co_window_of_opportunity_a,
          co_window_of_opportunity_a, co_window_paths_a, co_window_corner_a,
          co_window_cross_2, co_window_broadway_b, co_window_broadway_a,
          co_window_broadway_c, co_window_of_opportunity_b,
          nrook_guardian_serpent_ordinary
Temple:   dshaligram_water_room_temple
Lair:1:   uniq_sonja
Lair:2:   spider_nest_entry_rubble, serial_bayou_pond_e, uniq_nergalle
Lair:3:   wad_woods_stonehenge, serial_bayou_shore_a
Lair:4:   minmay_shoals_entry_hut
Lair:6:   grunt_lair_end_beastmaster, minmay_slime_entry_pillars,
          minmay_lair_oklob_bushes, zaba_anthell, serial_bayou_shore_b,
          grunt_megastairs_3
Shoals:2: hangedman_shoals_cup_caves, uniq_polyphemus
Shoals:3: uniq_mara
Spider:1: spider_trap
Spider:2: uniq_aizul
Spider:4: grunt_spider_rune_island, special_room, spiders_nest_spider_trap
Orc:1:    serial_shops, shop_fountains
Orc:2:    pubby_orc_utopia, serial_shops, uniq_josephine
Vaults:1: hangedman_vaults_nodes, v_misc_14, v_misc_12,
          nicolae_vaults_network_quincunx, nicolae_vaults_alarming, v_misc_27,
          nicolae_vaults_statue_guard, grunt_vaults_trifunnel,
          hangedman_vaults_corner_blocks
Vaults:2: ontoclasm_vaults_chip, v_pattern_2, vaults_mumra_minichess,
          nicolae_vaults_angled_halls, nicolae_vaults_network_star, v_misc_27,
          nicolae_vaults_little_squares_1, ontoclasm_vaults_ring_square,
          basic_altar
Vaults:3: nicolae_vaults_circle_grid_a, nicolae_vaults_little_squares_6,
          dpeg_vaults_monster_box, hangedman_vaults_stretched_pinwheel,
          ontoclasm_vaults_misaligned, nicolae_vaults_network_s,
          nicolae_vaults_mini_display_case,
          nicolae_vaults_windows_and_doors_thing, serial_ice_g, v_misc_26,
          nicolae_vaults_twisting_passages, minmay_crypt_entry_skeletal_spiral,
          grunt_vaults_hallway_long, uniq_mennas

Table legend:
 A = Turns spent in this place as a percentage of turns spent in the entire game.
 B = Non-inter-level travel turns spent in this place as a percentage of non-inter-level travel turns spent in the entire game.
 C = Inter-level travel turns spent in this place as a percentage of turns spent in this place.
 D = Turns resting spent in this place as a percentage of non-inter-level travel turns spent in this place.
 E = Turns spent auto-exploring this place as a percentage of non-inter-level travel turns spent in this place.
 F = Non-inter-level travel turns spent in this place divided by the number of levels of this place that you've seen.
                   A       B       C       D       E      F
               +-------+-------+-------+-------+-------+----------------------
         Total | 100.0 | 100.0 |   0.7 |   3.4 |   8.6 | 362.6
       Dungeon |  40.5 |  40.4 |   0.9 |   2.9 |  10.5 | 332.0
        Temple |   0.5 |   0.5 |   3.1 |   0.0 |   0.0 |  62.0
          Lair |  19.2 |  19.2 |   0.6 |   4.1 |   4.9 | 394.5
        Shoals |   6.0 |   6.0 |   0.8 |   5.5 |   4.6 | 247.3
   Spider Nest |  13.7 |  13.7 |   0.4 |   4.4 |   5.3 | 423.5
  Orcish Mines |  10.5 |  10.5 |   0.5 |   2.9 |  13.6 | 646.5
        Vaults |   9.6 |   9.7 |   0.2 |   2.0 |  10.0 | 397.0
               +-------+-------+-------+-------+-------+----------------------

Table legend:
 A = Kills in this place as a percentage of kills in entire the game.
 B = Kills by you in this place as a percentage of kills by you in the entire game.
 C = Kills by friends in this place as a percentage of kills by friends in the entire game.
 D = Other kills in this place as a percentage of other kills in the entire game.
 E = Experience gained in this place as a percentage of experience gained in the entire game.
 F = Experience gained in this place divided by the number of levels of this place that you have seen.
                   A       B       C       D       E      F
               +-------+-------+-------+-------+-------+----------------------
         Total | 100.0 | 100.0 | 100.0 | 100.0 | 100.0 | 12121.4
       Dungeon |  33.8 |  33.8 |  35.0 |  50.0 |  16.9 | 4638.1
          Lair |  13.6 |  13.7 |  10.0 |   0.0 |  13.4 | 9204.2
        Shoals |   3.8 |   3.6 |  15.0 |  50.0 |   7.0 | 9561.3
   Spider Nest |  17.9 |  18.1 |   5.0 |   0.0 |  23.8 | 24569.0
  Orcish Mines |  15.9 |  15.8 |  20.0 |   0.0 |   8.4 | 17352.5
        Vaults |  15.0 |  15.0 |  15.0 |   0.0 |  30.5 | 41889.0
               +-------+-------+-------+-------+-------+----------------------
